 Dungeon Crawl Stone Soup version 0.29.1-14-g9c671dbff4 (webtiles) character file.

Game seed: 4782192559881444416

7 MysteronAgent613 the Firebug (level 2, -3/20 HPs)
             Began as a Meteoran Fire Elementalist on Feb 14, 2023.
             Slain by a gnoll
             ... wielding a +2 spear of venom
              (8 damage)
             ... on level 1 of the Dungeon.
             The game lasted 00:01:43 (219 turns).

MysteronAgent613 the Firebug (MeFE)                  Turns: 219, Time: 00:01:44

Health: -3/20      AC:  2    Str:  9    XL:     2   Next: 23%
Magic:  2/6        EV: 12    Int: 16    God:
Gold:   61         SH:  0    Dex: 14    Spells: 3/6 levels left

rFire   . . .      SeeInvis .   (no weapon)
rCold   . . .      Faith    .   (no shield)
rNeg    . . .      Spirit   .   a - +0 robe
rPois   .          Reflect  .   (no helmet)
rElec   .          Harm     .   (no cloak)
rCorr   .          Rampage  .   (no gloves)
Will    .....                   (no boots)
Stlth   +.........              (no amulet)
HPRegen 0.06/turn               (no ring)
MPRegen 0.10/turn               (no ring)

@: lethally poisoned (-3 -> -10), glowing
A: sense surroundings 1, otherworldly, glowing, explore regen
a: no special abilities


You were on level 1 of the Dungeon.
You visited 1 branch of the dungeon, and saw 1 of its levels.

You collected 61 gold pieces.

Inventory:

Missiles
 d - 7 poisoned darts
Armour
 a - a +0 robe (worn)
Jewellery
 c - a ring of ice
Potions
 b - a potion of magic
 e - a potion of attraction


   Skills:
 * Level 0.2 Throwing
 * Level 2.5 Dodging
 * Level 1.4 Stealth
 * Level 2.8 Spellcasting
 * Level 1.3 Conjurations
 * Level 4.0 Fire Magic


You had 3 spell levels left.
You knew the following spells:

 Your Spells              Type           Power      Damage    Failure   Level
a - Foxfire               Conj/Fire      40%        2x1d6     6%          1
b - Scorch                Fire           30%        2d6       5%          2

Your spell library contained the following spells:

 Spells                   Type           Power      Damage    Failure   Level
 Conjure Flame            Conj/Fire      10%        6-21      19%         3
 Inner Flame              Hex/Fire       8%         N/A       26%         3
 Flame Wave               Conj/Fire      10%        2d6       54%         4


Dungeon Overview and Level Annotations

Branches:
Dungeon (1/15) Zot: 380

Altars:

Shops:
D:1 (


Innate Abilities, Weirdness & Mutations

You passively map a small area around you.
You are easily found by Zot.
You glow in the dark.
You regain HP and MP as you explore.


Message History

You kill the goblin!
Your Fire Magic skill increases to level 4!
Things that are here:
a +0 dagger; a bat corpse
d - 7 poisoned darts (gained 4)
Found a dark potion and an iron ring.
A gnoll comes into view. It is wielding a +2 spear of venom.
The gnoll shouts!
Something hits the plant.
The plant begins to die.
A hobgoblin comes into view.
The hobgoblin shouts!
The hobgoblin hits the plant.
The plant begins to die.
The hobgoblin hits the plant.
The plant begins to die.
The hobgoblin hits the plant.
The gnoll hits the plant with a +2 spear of venom!
The plant begins to die.
The plant is poisoned.
A nearby plant withers and dies.
The gnoll hits the plant with a +2 spear of venom.
The plant begins to die.
The gnoll hits the plant with a +2 spear of venom.
A nearby plant withers and dies.
You see here a dark potion.
You see here a dark potion.
Casting: Scorch (safe; 5% risk of failure)
Press: ? - help, Q - select action, (/) - cycle Dir - look around, f - activate Flames lash the gnoll.
The gnoll is severely wounded.
The gnoll's fire resistance burns away.
The gnoll hits you from afar with a +2 spear of venom!
Ouch! That really hurt!
You are lethally poisoned!
You feel very sick.
You feel very sick.
Casting: Scorch (safe; 5% risk of failure)
Press: ? - help, Q - select action, (/) - cycle Dir - look around, f - activate Flames lash the gnoll.
The gnoll is burned terribly!
The gnoll is almost dead.
* * * LOW HITPOINT WARNING * * *
You feel sick.
The gnoll hits you from afar with a +2 spear of venom!
You die...

, #........... ,#.#⌠###..##
#.†..####.## *##.#....##.# ##.#.#
* # * #⌠.#.##.⌠#.# *#####.#.####.
** ##.#.#⌠.##.# ####............
, #.#.##...## #.####...#.#####,
#.##..####. ..##...#)..# * **
##.##.....#
..)..###...#########..###.#######
.............gg.@.......##.......
.######.########.##.#.## ####⌠###
.# ##...######..# ** ### .#
#.............. , , , , .#
#...PgPPP..##.#. , , ##
#..PP...... *.# .. , , ,
#=.P.....P. .# ., , ,
#..P.PPP.P.* # , , , , #...P.P..P
,,* ,


You could see a gnoll (combustible) and a hobgoblin.

Vanquished Creatures
  A bat (D:1)
  A goblin (D:1)
  2 hobgoblins (D:1)
  A ball python (D:1)
  A frilled lizard (D:1)
  A rat (D:1)
7 creatures vanquished.

Vanquished Creatures (others)
  8 foxfires (D:1)
  5 plants (D:1)
13 creatures vanquished.

Grand Total: 20 creatures vanquished

Notes
Turn   | Place    | Note
-------+----------+-------------------------------------------
     0 | D:1      | MysteronAgent613 the Meteoran Fire Elementalist began the
                  | quest for the Orb.
     0 | D:1      | Reached XP level 1. HP: 14/14 MP: 5/5
   119 | D:1      | Found Kutut's Antique Weapon Shop.
   164 | D:1      | Reached XP level 2. HP: 20/20 MP: 6/6
   167 | D:1      | Learned a level 2 spell: Scorch
   186 | D:1      | Reached skill level 4 in Fire Magic
   219 | D:1      | Slain by a gnoll

Illustrated notes

Levels and vault maps discovered:
D:1:      nagdon_arrival_double_spiral, layout_rooms,
          dreamdust_ecumenical_altar_hidden_monk_grotto, serial_shops,
          nicolae_shop_trees, palyth_stone_intersect, dreamdust_wishing_well,
          nicolae_grassy_gnolls

Skill      XL: |  1  2 |
---------------+-------+-----
Fire Magic     | 4 |  4.0
Throwing       | |  0.2
Dodging        | |  2.5
Stealth        | |  1.4
Spellcasting   | |  2.8
Conjurations   | |  1.3

Action                   || total
-------------------------++-------
Throw: Dart              ||     1
 Cast: Foxfire           ||     5
       Scorch            ||     3
  Use: Scroll            ||     1
Dodge: Dodged            ||     5
